 Dungeon Crawl Stone Soup version 0.21-a0-426-g98080a9 (webtiles) character file.

3474 nikopol the Thaumaturge (level 9, -3/46 HPs)
             Began as a Deep Elf Fire Elementalist on Nov 5, 2017.
             Was a Follower of Sif Muna.
             Slain by an orc warlord
             ... wielding a +0 war axe
              (28 damage)
             ... in a bailey.
             The game lasted 00:31:09 (7809 turns).

nikopol the Thaumaturge (DEFE)                      Turns: 7809, Time: 00:31:10

Health: -3/46      AC:  4    Str:  5    XL:     9   Next: 79%
Magic:  5/26       EV: 13    Int: 24    God:    Sif Muna [*.....]
Gold:   536        SH:  0    Dex: 15    Spells: 19/30 levels left

rFire    . . .     SeeInvis +   e - +0 dagger
rCold    . . .     Gourm    .   (no shield)
rNeg     . . .     Faith    .   a - +0 robe
rPois    .         Spirit   .   (no helmet)
rElec    .         Reflect  .   (no cloak)
rCorr    .         Harm     .   E - +0 pair of gloves
MR       .....                  y - +0 pair of boots
Stlth    +++.......             (no amulet)
HPRegen  0.15/turn              t - ring of wizardry
MPRegen  0.20/turn              v - ring of see invisible

@: no status effects
A: no striking features
a: Divine Energy, Renounce Religion


You were in a bailey.
You worshipped Sif Muna.
Sif Muna was aware of your devotion.
You were hungry.

You visited 2 branches of the dungeon, and saw 9 of its levels.
You also visited: Bailey.

You collected 536 gold pieces.

Inventory:

Hand Weapons
 e - a +0 dagger (weapon)
 o - a +1 vampiric short sword
Armour
 a - a +0 robe (worn)
 y - a +0 pair of boots (worn)
 E - a +0 pair of gloves (worn)
Jewellery
 t - a ring of wizardry (left hand)
 v - a ring of see invisible (right hand)
 H - a cursed ring of loudness {unknown}
Wands
 s - a wand of digging (21/24)
 B - a wand of random effects (32/48)
Scrolls
 d - a scroll of fog
 f - a scroll of enchant weapon {unknown}
 i - 2 scrolls of remove curse
 k - 2 scrolls of teleportation
 m - 2 scrolls of fear
 n - 4 scrolls of identify
 p - 3 scrolls of recharging
 G - 3 scrolls of enchant armour {unknown}
 I - 3 scrolls of blinking {unknown}
 K - a scroll of vulnerability {unknown}
Potions
 g - 4 potions of heal wounds
 h - a potion of brilliance {unknown}
 j - 2 potions of might
 l - 5 potions of curing {unknown}
 r - 4 potions of haste {unknown}
 u - 4 potions of magic {unknown}
 w - a potion of ambrosia {unknown}
 z - 2 potions of agility {unknown}
 C - a potion of flight {unknown}
 J - a potion of berserk rage {unknown}
 M - a potion of mutation {unknown}
Books
 b - a book of Flames

   Spells                             Type                      Level
   a - Flame Tongue                   Conjuration/Fire             1
   b - Throw Flame                    Conjuration/Fire             2
   c - Conjure Flame                  Conjuration/Fire             3
   d - Inner Flame                    Hexes/Fire                   3
   e - Sticky Flame                   Conjuration/Fire             4
   f - Fireball                       Conjuration/Fire             5
Comestibles
 c - 7 bread rations
 q - 9 fruits
 A - 2 royal jellies
 F - 2 meat rations


   Skills:
 + Level 0.6 Fighting
 + Level 3.0 Dodging
 + Level 4.5 Stealth
 + Level 11.1 Spellcasting
 + Level 7.5 Conjurations
 + Level 9.5 Fire Magic
 + Level 0.3 Evocations


You had 19 spell levels left.
You knew the following spells:

 Your Spells              Type           Power        Failure   Level  Hunger
a - Flame Tongue          Conj/Fire      #####        1%          1    None
b - Throw Flame           Conj/Fire      ######       1%          2    None
c - Conjure Flame         Conj/Fire      ######..     1%          3    None
d - Fireball              Conj/Fire      ######....   1%          5    ####...


Dungeon Overview and Level Annotations

Branches:
Dungeon (8/15)             Temple (1/1) D:7            Lair (0/6) D:8

Altars:
Ashenzari
Dithmenos
Elyvilon
Fedhas
Gozag
Makhleb
Nemelex Xobeh
Okawaru
Qazlal
Ru
Sif Muna
Vehumet
Wu Jian
Xom

Shops:
D:8 %


Message History

Casting: Fireball
Confirm with . or Enter, or press ? or * to list all spells.
Aiming: Flame Tongue
Press: ? - help, Shift-Dir - straight line, f/p - orc warlord
Aim: an orc warlord, wielding a war axe and wearing a ring mail (flame, moderately wounded)
The flame tongue hits the orc warlord.
The orc warlord is heavily wounded.
The orc warlord is engulfed in blazing flames.
The orc warlord hits you with a war axe!!
Casting: Flame Tongue
Confirm with . or Enter, or press ? or * to list all spells.
Aiming: Flame Tongue
Press: ? - help, Shift-Dir - straight line, f/p - orc warlord
Aim: an orc warlord, wielding a war axe and wearing a ring mail (flame, heavily wounded)
The flame tongue hits the orc warlord.
The orc warlord is heavily wounded.
The orc warlord is engulfed in blazing flames.
The orc warlord hits you with a war axe!!
Ouch! That really hurt!
You die...

...'.....#.........≈≈'...#
..('.....#....∩....≈o'...#
)).((....#.........≈≈'...#
...#....##8.8...8.8≈##...#
..##.(..#≈?........≈#....##
.##.....#≈)....)≈#≈≈#.....##
##......##≈≈≈#≈≈≈####......##
#........#########......8...#
#..8..8....'....@o).........#
#..........#≈≈≈≈≈#.)........#
##.........#≈≈≈≈≈#...8..8..##
≈##...8...##≈≈≈≈≈##.......##
≈ ##.....##....(..##.....##
##...##......((.##...##
#####♣♣♣.....♣♣♣##### ♣♣♣∩♣♣♣


You could see an orc warlord.

Vanquished Creatures
  An orc knight (Bailey)
  A hippogriff (D:7)
  A spriggan (D:7)
  A water moccasin (D:7)
  A porcupine (D:8)
  A black bear (D:7)
  5 orc warriors
  A sky beast (D:8)
  An ice beast (D:7)
  A necrophage (D:7)
  A phantom (D:7)
  4 ogres
  A centaur (D:6)
  A bullfrog (D:7)
  2 howler monkeys
  5 hounds
  5 orc priests
  A bullfrog skeleton (D:7)
  A gnoll shaman (D:7)
  7 orc wizards
  Jessica (D:2)
  2 iguanas
  3 worker ants
  A hound skeleton (D:4)
  7 gnolls
  12 adders
  A shadow imp (D:4)
  3 oozes
  2 adder skeletons
  A worm (D:4)
  4 dart slugs
  5 leopard geckos
  26 orcs
  7 giant cockroaches
  9 goblins
  9 hobgoblins
  10 jackals
  4 quokkas
  5 bats
  2 frilled lizards
  18 kobolds
  11 rats
185 creatures vanquished.

Vanquished Creatures (others)
  2 bushes (D:8)
  2 fungi (D:8)
  9 plants (D:8)
13 creatures vanquished.

Grand Total: 198 creatures vanquished

Notes
Turn   | Place    | Note
-------+----------+-------------------------------------------
     0 | D:1      | nikopol the Deep Elf Fire Elementalist began the quest for the Orb.
     0 | D:1      | Reached XP level 1. HP: 10/10 MP: 6/6
    55 | D:1      | Reached XP level 2. HP: 8/15 MP: 0/8
   470 | D:1      | Reached XP level 3. HP: 12/19 MP: 7/10
   868 | D:2      | Reached skill level 4 in Spellcasting
   868 | D:2      | Reached XP level 4. HP: 9/24 MP: 1/12
  1156 | D:2      | Found a shattered altar of Ashenzari.
  1170 | D:2      | Found a faded altar of an unknown god.
  1269 | D:2      | Reached XP level 5. HP: 28/28 MP: 9/14
  1346 | D:2      | Noticed Jessica
  1357 | D:2      | Killed Jessica
  1357 | D:2      | Reached skill level 5 in Spellcasting
  1415 | D:2      | Learned a level 2 spell: Throw Flame
  1419 | D:2      | Learned a level 3 spell: Conjure Flame
  1425 | D:2      | Learned a level 5 spell: Fireball
  2202 | D:3      | Reached skill level 5 in Fire Magic
  2445 | D:3      | Found an iron altar of Okawaru.
  2446 | D:3      | Found a burning altar of Makhleb.
  2573 | D:4      | Noticed an ogre
  2579 | D:4      | Killed an ogre
  2579 | D:4      | Reached skill level 6 in Spellcasting
  2579 | D:4      | Reached XP level 6. HP: 33/33 MP: 9/17
  2810 | D:4      | Found a shadowy altar of Dithmenos.
  3058 | D:4      | Reached XP level 7. HP: 37/37 MP: 12/18
  3515 | D:5      | Entered Level 5 of the Dungeon
  3612 | D:5      | Found a shimmering altar of Xom.
  3616 | D:5      | Found a white marble altar of Elyvilon.
  3742 | D:5      | Reached skill level 7 in Spellcasting
  4474 | D:6      | Reached skill level 5 in Conjurations
  4474 | D:6      | Reached XP level 8. HP: 30/42 MP: 10/21
  5074 | D:7      | Reached skill level 8 in Spellcasting
  5185 | D:7      | Noticed a hippogriff
  5194 | D:7      | Killed a hippogriff
  5466 | D:7      | Reached skill level 9 in Spellcasting
  5863 | D:7      | Reached XP level 9. HP: 46/46 MP: 13/24
  6333 | D:7      | Found a staircase to the Ecumenical Temple.
  6342 | Temple   | Entered the Ecumenical Temple
  6350 | Temple   | Became a worshipper of Sif Muna the Loreminder
  6456 | D:8      | Reached skill level 10 in Spellcasting
  6544 | D:8      | Found Ithiw's Food Shoppe.
  6635 | D:8      | Found a flagged portal.
  6644 | Bailey   | Entered a bailey
  6930 | Bailey   | Noticed an orc warlord
  7174 | Bailey   | Reached * piety under Sif Muna
  7245 | Bailey   | Found a runed gate.
  7245 | Bailey   | Found a runed gate.
  7357 | Bailey   | Noticed an orc knight
  7369 | Bailey   | Killed an orc knight
  7369 | Bailey   | Reached skill level 11 in Spellcasting
  7544 | Bailey   | Found a runed gate.
  7809 | Bailey   | Slain by an orc warlord

Vault maps used:
D:1:      erik_arrival_gehennom, minmay_tetromino_o4
D:2:      lemuel_doored_altar, chequers_ecumenical_altar_simple_redux,
          uniq_jessica
D:3:      gammafunk_temple_overflow_statue
D:4:      grunt_dithmenos_shadows, first_bread, dk_noncrumbling_2
D:5:      grunt_temple_overflow_open
D:7:      minmay_temple_entry_nine_rooms, the_bakery
D:8:      old_standard_altar, minmay_lair_entry_grove, enter_bailey_2,
          serial_shops, shop
Temple:   eino_narrow_crystal_temple
Bailey:   bailey_axe_bossmonster_kennysheep, bailey

Skill      XL: |  1  2  3  4  5  6  7  8  9 |
---------------+----------------------------+-----
Fire Magic     | 4 5 6 8 9 |  9.5
Spellcasting   | 4 6 7 9 11 | 11.1
Conjurations   | 2 3 5 6 7 |  7.5
Dodging        | 3 |  3.0
Stealth        | 3 4 |  4.5
Fighting       | |  0.6
Evocations     | |  0.3

Action                   |  1- 3 |  4- 6 |  7- 9 || total
-------------------------+-------+-------+-------++-------
Melee: Dagger            |       |       |     5 ||     5
 Cast: Flame Tongue      |    48 |   134 |   222 ||   404
       Conjure Flame     |       |     3 |    16 ||    19
       Throw Flame       |       |     8 |    43 ||    51
       Fireball          |       |       |    17 ||    17
Evoke: Wand              |       |       |     3 ||     3
  Use: Scroll            |       |       |    11 ||    11
  Eat: Chunk             |       |     6 |    17 ||    23
Armor: Robe              |     1 |     4 |     6 ||    11
Dodge: Dodged            |     7 |    35 |    28 ||    70

Table legend:
 A = Spawn XP
 B = Non-spawn XP
 C = Spawn XP percentage of total XP
 D = Spawn monster count
 E = Non-spawn monster count
 F = Spawn count percentage of total count
 G = Total turns spent on level
                    A         B        C        D         E        F      G
               +---------+---------+-------+---------+---------+-------+---------
         Total |       0 |    4964 |   0.0 |       0 |     185 |   0.0 |  7809
               +---------+---------+-------+---------+---------+-------+---------
           D:1 |       0 |      51 |   0.0 |       0 |      20 |   0.0 |   812
           D:2 |       0 |     200 |   0.0 |       0 |      22 |   0.0 |  1035
           D:3 |       0 |      95 |   0.0 |       0 |      30 |   0.0 |   683
           D:4 |       0 |     479 |   0.0 |       0 |      25 |   0.0 |   985
           D:5 |       0 |     305 |   0.0 |       0 |       8 |   0.0 |   651
           D:6 |       0 |     476 |   0.0 |       0 |      11 |   0.0 |   892
           D:7 |       0 |    1739 |   0.0 |       0 |      27 |   0.0 |  1356
           D:8 |       0 |     583 |   0.0 |       0 |      16 |   0.0 |   215
        Bailey |       0 |    1036 |   0.0 |       0 |      26 |   0.0 |  1165
               +---------+---------+-------+---------+---------+-------+---------
